 Dungeon Crawl Stone Soup version 0.17-a0-562-gfd539b1 (webtiles) character file.

98721 Radiman the Executioner (level 16, -11/151 HPs)
             Began as a Hill Orc Berserker on Apr 13, 2015.
             Was the Champion of Trog.
             Mangled by a large abomination (20 damage)
             ... on level 3 of the Abyss on Apr 14, 2015.
             The game lasted 02:25:17 (33684 turns).

Radiman the Executioner (Hill Orc Berserker)       Turns: 33684, Time: 02:25:17

Health: -11/151    AC: 27    Str: 30      XL:     16   Next: 23%
Magic:  16/16      EV: 11    Int:  9 (10) God:    Trog [******]
Gold:   2897       SH:  0    Dex: 10      Spells: 0 memorised, 15 levels left

rFire  + . .     SeeInvis .     v - +5 broad axe of Interdependent Arising {flame, +Blink Str+3}
rCold  . . .     Clarity  .     D - +3 plate armour {MR+}
rNeg   + . .     SustAb   .     (no shield)
rPois  .         Gourm    +     l - +2 helmet
rElec  .         Spirit   .     W - +0 cloak
rCorr  .         Warding  .     j - +0 pair of gloves
rMut   .         Stasis   .     o - +0 pair of boots
MR     +++..                    w - amulet of the gourmand
Stlth  ..........               G - ring of Imirel {+Inv rF+ rN+ Int+3}
                                f - ring of protection from magic

@: extremely resistant to hostile enchantments, extremely unstealthy
A: blurry vision 1
a: Burn Spellbooks, Berserk, Trog's Hand, Brothers in Arms, Renounce Religion,
Evoke Blink, Evoke Invisibility


You were on level 3 of the Abyss.
You worshipped Trog.
Trog was exalted by your worship.
You were full.

You visited 4 branches of the dungeon, and saw 25 of its levels.
You visited the Abyss 1 time.
You also visited: Bailey, Ice Cave and Volcano.

You collected 3039 gold pieces.
You spent 142 gold pieces at shops.

Inventory:

Hand weapons
 v - the +5 broad axe of Interdependent Arising (weapon) {flame, +Blink Str+3}
   (Trog gifted it to you on level 8 of the Lair of Beasts)

   It has been specially enchanted to burn those struck by it, causing extra
   injury to most foes and up to half again as much damage against particularly
   susceptible opponents.
   Big, fiery blades are also staple armaments of hydra-hunters.
   It affects your strength (+3).
   It lets you blink.
 N - a +0 blowgun
Missiles
 d - 65 poisoned needles
 K - 6 curare-tipped needles
Armour
 j - a +0 pair of gloves (worn)
 l - a +2 helmet (worn)
 o - a +0 pair of boots (worn)
 D - a +3 plate armour of magic resistance (worn)
 W - a +0 cloak (worn)
Jewellery
 f - a ring of protection from magic (left hand)
 w - an amulet of the gourmand (around neck)
 G - the ring of Imirel (right hand) {+Inv rF+ rN+ Int+3}
   (You found it on level 6 of the Lair of Beasts)

   [ring of protection from fire]

   It affects your intelligence (+3).
   It protects you from fire.
   It protects you from negative energy.
   It lets you turn invisible.
 S - the ring of Qucwoc {+cTele Slay+3}
   (You found it on level 11 of the Dungeon)

   [ring of teleport control]

   It can be evoked for teleport control.
   It affects your accuracy and damage with ranged weapons and melee attacks
   (+3).
 V - an uncursed ring of flight
Magical devices
 g - a wand of heal wounds (4)
 n - a wand of confusion (17)
 t - a wand of lightning (6)
 u - a wand of lightning (6)
 y - a wand of fire (10)
 F - a wand of teleportation (5)
 J - a wand of hasting (4)
 Y - a wand of digging (10)
Scrolls
 a - a scroll of enchant armour
 b - a scroll of random uselessness {unknown}
 h - a scroll of vulnerability {unknown}
 i - a scroll of recharging {unknown}
 r - 11 scrolls of teleportation
 C - 3 scrolls of immolation {unknown}
 I - 4 scrolls of silence {unknown}
 O - a scroll of brand weapon {unknown}
 P - 3 scrolls of fog {unknown}
 Q - a scroll of torment {unknown}
 X - a scroll of blinking {unknown}
 Z - 2 scrolls of remove curse
Potions
 e - 4 potions of resistance
 k - 3 potions of lignification
 m - 2 potions of mutation {unknown}
 q - a potion of cancellation {unknown}
 s - 4 potions of haste
 x - 7 potions of curing
 A - 2 potions of agility
 B - a potion of ambrosia {unknown}
 E - 2 potions of cure mutation {unknown}
 H - 3 potions of flight {unknown}
 L - a potion of restore abilities {unknown}
 M - 5 potions of might
 R - 3 potions of heal wounds {unknown}
Miscellaneous
 U - a fan of gales
Comestibles
 c - 11 bread rations
 p - 13 meat rations
 z - 16 fruits
 T - 17 royal jellies


   Skills:
 + Level 15.8 Fighting
 * Level 24.1 Axes
 + Level 12.6 Armour
 + Level 7.2 Dodging


You had 15 spell levels left.
You didn't know any spells.

Dungeon Overview and Level Annotations

Branches:
Dungeon (12/15)            Temple (1/1) D:5            Lair (8/8) D:11
  Swamp (0/5) Lair:4        Snake (0/5) Lair:4        Slime (0/6) Lair:7
    Orc (4/4) D:10            Elf (0/3) Orc:3

Altars:
Ashenzari
Cheibriados
Dithmenos
Elyvilon
Fedhas
Gozag
Kikubaaqudgha
Makhleb
Nemelex Xobeh
Okawaru
Qazlal
Ru
Sif Muna
Trog
Vehumet
Xom
Yredelemnul
Zin
The Shining One
Beogh

Shops:
D:4 %   D:5 ?*   D:9 !   Orc:1 !   Orc:4 [%(!


Innate Abilities, Weirdness & Mutations

Scrolls take you a little longer to read.


Message History

You closely miss the chaos spawn.
The chaos spawn is severely wounded.
You are covered in liquid flames!
* * * LOW HITPOINT WARNING * * *
The chaos spawn closely misses you.
You slash the chaos spawn! You burn the chaos spawn.
You kill the chaos spawn!
Trog accepts your kill.
The chaos spawn degenerates into a cloud of primal chaos!
You are covered in liquid flames!
* * * LOW HITPOINT WARNING * * *
Unknown command.
You feel better.
You are covered in liquid flames!
* * * LOW HITPOINT WARNING * * *
You are covered in liquid flames!
The large abomination hits you!
* * * LOW HITPOINT WARNING * * *
The large abomination hits you!!
You die...

##. .. # .
# .#
..####. ##
#. # .##.#
. #.
##.#.#.#
....#....#.
# ........
# #..#..##
###.#.##X.#
#......@###
##.....#.#
#....# ##
#.#..#
.#..# ... .


You could see a large abomination.

Vanquished Creatures
  Rupert (Orc:3)
  Kirke (Lair:7)
  A very ugly thing (Abyss:3)
  3 rakshasas (Abyss:3)
  Snorg (D:11)
  A fire dragon (Lair:8)
  Josephine (Orc:2)
  5 hydras
  The ghost of emiel the Markscentaur, a powerful CeGl of Okawaru (D:11)
  Harold (D:10)
  A catoblepas (Lair:6)
  The ghost of emiel the Fighter, an experienced CeGl of Okawaru (D:9)
  6 death yaks (Lair:7)
  6 orc high priests (Orc:4)
  The ghost of Hanyuu the Covert, an experienced KoAs of Dithmenos (D:10)
  Sonja (Lair:2)
  Nergalle (Lair:2)
  3 ice devils (IceCv)
  2 wretched stars (Abyss:3)
  A fire crab (Volcano)
  3 hill giants
  4 ice statues (IceCv)
  An unseen horror (D:11)
  A necromancer (IceCv)
  2 lindwurms
  3 griffons (D:8)
  A manticore (D:11)
  An orc sorcerer (Orc:4)
  2 orc knights (Bailey)
  2 cyclopes (D:11)
  4 sixfirhies
  12 elephants (Lair:7)
  An ugly thing (D:12)
  15 spiny frogs
  5 torpor snails (Lair:8)
  A smoke demon (Abyss:3)
  A kobold demonologist (D:10)
  5 black mambas
  9 komodo dragons
  4 large abominations (Abyss:3)
  A freezing wraith (Abyss:3)
  3 fire drakes
  An ancient zyme (Abyss:1)
  6 blue devils
  A harpy zombie (Abyss:3)
  3 giant leeches (Lair:8)
  16 polar bears
  2 raiju
  A two-headed ogre (D:11)
  14 blink frogs
  2 shadows
  5 flying skulls (Abyss:3)
  Sigmund (D:2)
  3 wraiths (Orc:2)
  3 wyverns
  A steam dragon (D:9)
  3 small abominations (Abyss:3)
  A deep elf mage (D:11)
  A ynoxinul (Abyss:3)
  A fire bat (Volcano)
  6 hogs
  45 yaks
  2 basilisks
  13 hippogriffs
  3 hungry ghosts
  A chaos spawn (Abyss:3)
  3 neqoxecs
  11 porcupines
  Edmund (D:4)
  A naga (Lair:4)
  30 wolves
  3 vampire mosquitoes (D:12)
  13 wargs
  20 water moccasins
  A mottled dragon (Volcano)
  Duvessa (D:7)
  5 hell hounds (Lair:8)
  2 phantoms
  5 wasps
  14 orc warriors
  18 black bears
  A necrophage (D:8)
  4 ogres
  13 ice beasts
  4 sky beasts
  2 boring beetles
  4 centaurs
  2 big kobolds (D:11)
  4 brain worms (Lair:8)
  19 crocodiles
  Blork the orc (D:4)
  17 giant frogs
  2 wyvern skeletons (D:6)
  Dowan (D:7)
  2 gnoll sergeants
  3 wights (D:8)
  2 scorpions
  A troll skeleton (D:11)
  9 killer bees
  A spriggan skeleton (D:11)
  4 electric eels
  6 lava snakes
  A quasit (D:9)
  14 hounds
  4 crimson imps
  2 centaur zombies
  43 orc priests
  11 iguanas
  23 orc wizards
  Jessica (D:2)
  4 centaur skeletons
  2 giant frog skeletons
  Terence (D:3)
  8 worker ants
  14 sheep
  2 centaur simulacra (IceCv)
  A spriggan simulacrum (IceCv)
  2 troll simulacra (IceCv)
  A sky beast zombie (D:8)
  2 hound zombies (D:11)
  4 hound skeletons
  A worker ant zombie (D:8)
  Robin (D:2)
  3 naga simulacra (IceCv)
  2 ogre simulacra (IceCv)
  15 adders
  12 gnolls
  58 river rats
  6 shadow imps
  A white imp (Abyss:3)
  18 worms
  11 ufetubi (Abyss:3)
  4 oozes
  169 orcs
  2 ball pythons
  16 bats
  A bat zombie (D:6)
  20 hobgoblins
  8 jackals
  A giant cockroach (D:2)
  4 giant geckos
  9 giant newts
  2 giant spores (D:10)
  27 goblins
  31 kobolds
  3 quokkas
  19 rats
  10 ballistomycetes
  13 fungi
  17 plants
1109 creatures vanquished.

Vanquished Creatures (others)
  2 humans (Lair:7)
  A giant spore (D:11)
  6 fungi
  14 plants
  12 toadstools (Lair:6)
35 creatures vanquished.

Grand Total: 1144 creatures vanquished

Notes
Turn   | Place    | Note
--------------------------------------------------------------
     0 | D:1      | Radiman, the Hill Orc Berserker, began the quest for the Orb.
     0 | D:1      | Reached XP level 1. HP: 19/19 MP: 1/1
   296 | D:1      | Reached XP level 2. HP: 19/26 MP: 2/2
   807 | D:1      | Reached skill level 5 in Axes
  1139 | D:2      | Found a burning altar of Makhleb.
  1202 | D:2      | Found an ancient bone altar of Kikubaaqudgha.
  1202 | D:2      | Found a snail-covered altar of Cheibriados.
  1202 | D:2      | Found a shattered altar of Ashenzari.
  1204 | D:2      | Found a shimmering altar of Xom.
  1204 | D:2      | Found a bloodstained altar of Trog.
  1205 | D:2      | Found a glowing golden altar of the Shining One.
  1205 | D:2      | Found a sparkling altar of Nemelex Xobeh.
  1234 | D:2      | Noticed Robin
  1242 | D:2      | Acquired Trog's second power
  1246 | D:2      | Reached XP level 3. HP: 31/31 MP: 3/3
  1259 | D:2      | Killed Robin
  1272 | D:2      | Reached skill level 6 in Axes
  1386 | D:2      | Noticed Jessica
  1406 | D:2      | Killed Jessica
  1406 | D:2      | Reached XP level 4. HP: 35/39 MP: 4/4
  1598 | D:2      | Noticed Sigmund
  1618 | D:2      | Killed Sigmund
  1618 | D:2      | Reached skill level 8 in Axes
  1618 | D:2      | Reached XP level 5. HP: 45/45 MP: 5/5
  1618 | D:2      | Reached XP level 6. HP: 51/51 MP: 6/6
  1825 | D:3      | Reached skill level 9 in Axes
  2057 | D:3      | Noticed Terence
  2070 | D:3      | Killed Terence
  2685 | D:4      | Reached XP level 7. HP: 46/57 MP: 7/7
  2692 | D:4      | Reached skill level 10 in Axes
  2859 | D:4      | Acquired Trog's third power
  3067 | D:4      | Noticed Edmund
  3093 | D:4      | Killed Edmund
  3238 | D:4      | Reached skill level 11 in Axes
  3332 | D:4      | Found a white marble altar of Elyvilon.
  3362 | D:4      | Found Socycef's Food Shop.
  3362 | D:4      | Noticed Blork the orc
  3375 | D:4      | Killed Blork the orc
  3474 | D:5      | Entered Level 5 of the Dungeon
  3704 | D:5      | Found Fuutt's General Store.
  3736 | D:5      | Reached XP level 8. HP: 60/64 MP: 8/8
  3745 | D:5      | Found a staircase to the Ecumenical Temple.
  3750 | Temple   | Entered the Ecumenical Temple
  3958 | D:5      | Reached skill level 12 in Axes
  4213 | D:5      | Found Zeywkeol's Magic Scroll Boutique.
  4287 | D:5      | Found a bloodstained altar of Trog.
  4813 | D:6      | Reached skill level 13 in Axes
  5533 | D:6      | Reached skill level 5 in Fighting
  6243 | D:6      | Reached XP level 9. HP: 70/74 MP: 9/9
  6520 | D:7      | Reached skill level 14 in Axes
  6951 | D:7      | Noticed Duvessa
  6965 | D:7      | Killed Duvessa
  6966 | D:7      | Noticed Dowan
  6985 | D:7      | Killed Dowan
  7120 | D:7      | Received a gift from Trog
  7127 | D:7      | Got a brightly glowing longbow {god gift}
  7616 | D:8      | Found a huge runed gate.
  7616 | D:8      | Found a huge runed gate.
  7616 | D:8      | Found a huge runed gate.
  7616 | D:8      | Found a huge runed gate.
  7616 | D:8      | Noticed a griffon
  7618 | D:8      | Noticed a griffon
  7619 | D:8      | Noticed a griffon
  7631 | D:8      | Reached skill level 15 in Axes
  8245 | D:9      | Noticed emiel's ghost (experienced CeGl)
  8276 | D:9      | Killed emiel's ghost
  8276 | D:9      | Reached skill level 16 in Axes
  8276 | D:9      | Reached XP level 10. HP: 19/88 MP: 10/10
  9100 | D:9      | Found Irex's Distillery.
  9275 | D:10     | Entered Level 10 of the Dungeon
  9286 | D:10     | Noticed Hanyuu's ghost (experienced KoAs)
  9305 | D:10     | Killed Hanyuu's ghost
  9818 | D:10     | Noticed a hill giant
  9828 | D:10     | Killed a hill giant
  9828 | D:10     | Reached skill level 17 in Axes
 10066 | D:10     | Found a staircase to the Orcish Mines.
 10162 | D:10     | Noticed Harold
 10182 | D:10     | Killed Harold
 10182 | D:10     | Reached XP level 11. HP: 93/99 MP: 11/11
 10397 | D:10     | Reached skill level 10 in Fighting
 10935 | Orc:1    | Entered Level 1 of the Orcish Mines
 10935 | Orc:1    | Found Hivon's Distillery.
 10965 | Orc:1    | Received a gift from Trog
 11261 | Orc:2    | Reached skill level 5 in Armour
 11391 | Orc:2    | Noticed Josephine
 11720 | D:11     | Killed an unseen horror
 11720 | D:11     | Reached skill level 18 in Axes
 12091 | D:11     | Got a spiked ring mail
 12498 | D:11     | Noticed emiel's ghost (powerful CeGl)
 12514 | D:11     | Killed emiel's ghost
 12590 | D:11     | Received a gift from Trog
 12756 | D:11     | Got a translucent turquoise ring
 12760 | D:11     | Identified the +2 ring mail of the Vaults {+Fly rF- Str-3 Dex+2} (You found it on level 11 of the Dungeon)
 12761 | D:11     | Identified the ring of Qucwoc {+cTele Slay+3} (You found it on level 11 of the Dungeon)
 12786 | D:11     | Found a runed door.
 12823 | D:11     | Noticed Snorg
 12876 | D:11     | Killed Snorg
 13446 | D:11     | Reached XP level 12. HP: 62/110 MP: 4/12
 13632 | D:11     | Found a staircase to the Lair.
 13773 | Lair:1   | Entered Level 1 of the Lair of Beasts
 13926 | Lair:1   | Reached skill level 19 in Axes
 14386 | Lair:1   | You fall through a shaft!
 14606 | Lair:2   | Received a gift from Trog
 14956 | Lair:2   | Noticed Sonja
 15169 | Lair:2   | Killed Sonja
 15728 | Lair:2   | Noticed Nergalle
 15737 | Lair:2   | Killed Nergalle
 16042 | Lair:2   | Reached skill level 20 in Axes
 17245 | Lair:3   | Found a frozen archway.
 17252 | Lair:3   | Received a gift from Trog
 17360 | IceCv    | Entered an ice cave
 17471 | IceCv    | Reached XP level 13. HP: 65/119 MP: 4/13
 19024 | Lair:3   | Reached skill level 21 in Axes
 19426 | Lair:4   | Found a staircase to the Swamp.
 19485 | Lair:4   | Found a staircase to the Snake Pit.
 20123 | Lair:4   | Received a gift from Trog
 20894 | Lair:4   | Got a twisted falchion
 21075 | Lair:5   | Reached skill level 10 in Armour
 21758 | Lair:5   | Reached XP level 14. HP: 130/130 MP: 4/14
 22391 | Lair:6   | Received a gift from Trog
 22870 | Lair:6   | Got a sparkling iron ring
 22979 | Lair:6   | Reached skill level 22 in Axes
 23835 | Lair:7   | Noticed Kirke
 23847 | Lair:7   | Killed Kirke
 23883 | Lair:7   | Found a staircase to the Slime Pits.
 24186 | Lair:7   | Found a shimmering altar of Xom.
 24406 | Lair:7   | Identified the ring of Imirel {+Inv rF+ rN+ Int+3} (You found it on level 6 of the Lair of Beasts)
 24422 | Lair:7   | Reached skill level 5 in Dodging
 24622 | Lair:7   | Received a gift from Trog
 25009 | Lair:8   | Entered Level 8 of the Lair of Beasts
 25053 | Lair:8   | Found a dark tunnel.
 25058 | Volcano  | Entered a volcano
 25454 | Volcano  | Found a radiant altar of Vehumet.
 25683 | Lair:8   | Reached XP level 15. HP: 131/139 MP: 5/15
 25927 | Lair:8   | Found a runed door.
 26006 | Lair:8   | Received a gift from Trog
 26364 | Lair:8   | Got a steaming broad axe {god gift}
 26374 | Lair:8   | Identified the +5 broad axe of Interdependent Arising {flame, +Blink Str+3} (Trog gifted it to you on level 8 of the Lair of Beasts)
 26401 | Lair:8   | Paralysed by a wasp for 1 turns
 26458 | Lair:8   | Reached skill level 23 in Axes
 27024 | Lair:8   | Reached skill level 15 in Fighting
 27078 | Lair:8   | Received a gift from Trog
 27857 | D:8      | Killed a griffon
 27861 | D:8      | Killed a griffon
 27868 | D:8      | Killed a griffon
 28154 | Orc:2    | Killed Josephine
 28436 | Orc:3    | Found a flagged portal.
 28535 | Orc:3    | Received a gift from Trog
 28596 | Bailey   | Entered a bailey
 29297 | Orc:3    | Noticed Rupert
 29307 | Orc:3    | Killed Rupert
 29487 | Orc:3    | Found a staircase to the Elven Halls.
 29514 | Orc:3    | Received a gift from Trog
 29964 | Orc:4    | Entered Level 4 of the Orcish Mines
 30017 | Orc:4    | Found an iron altar of Okawaru.
 30263 | Orc:4    | Found Ifumnerph's Magic Scroll Shoppe.
 30263 | Orc:4    | Found Zakianom's Distillery.
 30856 | Orc:4    | Found a roughly hewn altar of Beogh.
 30907 | Orc:4    | Received a gift from Trog
 31144 | Orc:4    | Found Wuomnah's Armour Shoppe.
 31185 | Orc:4    | Found Wuesch's Weapon Shoppe.
 31185 | Orc:4    | Found Neikkit's Food Shop.
 31477 | Orc:4    | Upgraded the game from 0.17-a0-547-g5e20af8 to 0.17-a0-562-gfd539b1
 32216 | D:5      | Bought a scroll of identify for 30 gold pieces
 32221 | D:5      | Bought a scroll of enchant armour for 112 gold pieces
 33046 | D:12     | Reached XP level 16. HP: 149/149 MP: 16/16
 33105 | D:12     | Received a gift from Trog
 33110 | D:12     | Cast into the Abyss (a distortion unwield)
 33352 | Abyss:3  | Found a corrupted altar of Lugonu.
 33485 | Abyss:3  | Gained mutation: Scrolls take you longer to read. [a neqoxec]
 33491 | Abyss:3  | Reached skill level 24 in Axes
 33684 | Abyss:3  | Mangled by a large abomination

Action                   |  1- 3 |  4- 6 |  7- 9 | 10-12 | 13-15 | 16-18 || total
-------------------------+-------+-------+-------+-------+-------+-------++-------
Melee: Hand axe          |   119 |   156 |   103 |       |       |       ||   378
       War axe           |       |       |   476 |   242 |       |       ||   718
       Broad axe         |       |       |       |   423 |  1209 |   114 ||  1746
 Fire: Blowgun           |       |       |       |     4 |    24 |       ||    28
Invok: Berserk           |       |     2 |     1 |     8 |     7 |     1 ||    19
       Burn Spellbooks   |       |       |     1 |     4 |     2 |     1 ||     8
 Abil: Evoke Flight      |       |       |       |       |     3 |       ||     3
Evoke: Wand              |       |       |     2 |       |     5 |       ||     7
  Use: Scroll            |     4 |     1 |     7 |     6 |    10 |       ||    28
       Potion            |       |       |       |       |     1 |     2 ||     3
  Eat: Chunk             |     2 |     6 |    10 |    32 |    58 |     5 ||   113
       Pizza             |       |       |     1 |     2 |     1 |       ||     4
       Beef jerky        |       |       |     1 |     1 |     3 |       ||     5
       Bread ration      |       |       |     1 |       |       |       ||     1
       Fruit             |       |       |       |     2 |     3 |       ||     5
